% Time on Ice - SASKATOON DUCKS
Lines # - Real PCT - Wanted PCT - Time Play
Normal Forward
1 - 33% - 34% - 17:03
2 - 33% - 32% - 16:44
3 - 27% - 26% - 13:47
4 - 8% - 8% - 3:55
Normal Defense
1 - 39% - 42% - 19:53
2 - 34% - 35% - 17:30
3 - 27% - 23% - 14:06
4 - 0% - 0% - 0:00
PP Forward
1 - 54% - 50% - 3:14
2 - 46% - 50% - 2:43
PP Defense
1 - 62% - 50% - 3:43
2 - 38% - 50% - 2:14
PK Forward
1 - 64% - 55% - 1:39
2 - 36% - 45% - 0:55
PK Defense
1 - 100% - 55% - 2:34
2 - 0% - 45% - 0:00
PK3 Forward
1 - 0% - 55%
2 - 0% - 45%
PK3 Defense
1 - 0% - 55%
2 - 0% - 45%
44 Forward
1 - 0% - 55%
2 - 0% - 45%
44 Defense
1 - 0% - 55%
2 - 0% - 45%
Last Minute Offensive  - 0:00
Last Minute Defensive  - 0:00
Total
Forward - 60:00
Defense - 60:00
% Time on Ice - BOISE CARIBOUS
Lines # - Real PCT - Wanted PCT - Time Play
Normal Forward
1 - 30% - 31% - 15:12
2 - 28% - 30% - 14:34
3 - 25% - 24% - 12:52
4 - 17% - 15% - 8:51
Normal Defense
1 - 35% - 36% - 18:07
2 - 35% - 33% - 17:46
3 - 25% - 25% - 13:07
4 - 5% - 6% - 2:29
PP Forward
1 - 69% - 55% - 1:46
2 - 31% - 45% - 0:48
PP Defense
1 - 69% - 55% - 1:46
2 - 31% - 45% - 0:48
PK Forward
1 - 62% - 55% - 3:42
2 - 38% - 45% - 2:15
PK Defense
1 - 41% - 55% - 2:26
2 - 59% - 45% - 3:31
PK3 Forward
1 - 0% - 55%
2 - 0% - 45%
PK3 Defense
1 - 0% - 55%
2 - 0% - 45%
44 Forward
1 - 0% - 55%
2 - 0% - 45%
44 Defense
1 - 0% - 55%
2 - 0% - 45%
Last Minute Offensive  - 0:00
Last Minute Defensive  - 0:00
Total
Forward - 60:00
Defense - 60:00
Play-by-Play 1st period 0:01 of 1st period - Carl Soderberg wins face-off versus Sidney Crosby in neutral zone. 0:03 of 1st period - John Klingberg is hit by Alex Goligoski. 0:23 of 1st period - Shot by Carl Soderberg. 0:23 of 1st period - Shot Blocked by Sidney Crosby. 0:54 of 1st period - Icing by Erik Cernak. 0:55 of 1st period - Dylan Strome wins face-off versus Carl Soderberg in BOISE CARIBOUS zone. 1:00 of 1st period - Shot by Artemi Panarin. 1:00 of 1st period - Stopped by Robin Lehner without a rebound. 1:01 of 1st period - Radek Faksa wins face-off versus Kailer Yamamoto in BOISE CARIBOUS zone. 1:01 of 1st period - Radek Faksa is hit by Joe Thornton. 1:17 of 1st period - Shot by Dominik Kubalik. 1:17 of 1st period - Shot Misses the Net. 1:29 of 1st period - Shot by Tom Wilson. 1:29 of 1st period - Shot Misses the Net. 1:33 of 1st period - Shot by Tom Wilson. 1:33 of 1st period - Shot Blocked by Radko Gudas. 1:37 of 1st period - Shot by Radek Faksa. 1:37 of 1st period - Stopped by Ryan Miller with a rebound. 1:39 of 1st period - Shot by Joakim Ryan. 1:39 of 1st period - Shot Misses the Net. 1:41 of 1st period - Shot by Dominik Kubalik. 1:41 of 1st period - Shot Misses the Net. 1:43 of 1st period - Shot by Joakim Ryan. 1:43 of 1st period - Shot Misses the Net. 1:45 of 1st period - Shot by Radek Faksa. 1:45 of 1st period - Stopped by Ryan Miller with a rebound. 2:13 of 1st period - Shot by Dylan Strome. 2:13 of 1st period - Shot Misses the Net. 3:01 of 1st period - Patrick Marleau is hit by Alex Goligoski and loses puck. 3:25 of 1st period - Shot by Ryan Strome. 3:25 of 1st period - Shot Blocked by Will Butcher. 3:41 of 1st period - Shot by Sidney Crosby. 3:41 of 1st period - Shot Misses the Net. 5:01 of 1st period - Shot by Jakub Vrana. 5:01 of 1st period - Shot Misses the Net. 5:15 of 1st period - Shot by Jakub Vrana. 5:15 of 1st period - Deflect By Kailer Yamamoto. 5:15 of 1st period - Shot Misses the Net. 5:17 of 1st period - Shot by Kailer Yamamoto. 5:17 of 1st period - Stopped by Robin Lehner without a rebound. 5:18 of 1st period - Carl Soderberg wins face-off versus Anthony Duclair in BOISE CARIBOUS zone. 5:18 of 1st period - Carl Soderberg is hit by Ryan Strome. 5:26 of 1st period - Shot by Carl Soderberg. 5:26 of 1st period - Shot Blocked by Ryan McDonagh. 5:28 of 1st period - Shot by Phil Kessel. 5:28 of 1st period - Stopped by Ryan Miller without a rebound. 5:29 of 1st period - Carl Soderberg wins face-off versus Anthony Duclair in SASKATOON DUCKS zone. 6:08 of 1st period - Shot by Ryan Strome. 6:08 of 1st period - Shot Misses the Net. 6:25 of 1st period - Icing by John Klingberg. 6:26 of 1st period - Carl Soderberg wins face-off versus Joe Thornton in BOISE CARIBOUS zone. 7:09 of 1st period - Kailer Yamamoto is hit by Tom Wilson and loses puck. 7:28 of 1st period - Off-side. 7:29 of 1st period - Dylan Strome wins face-off versus Theodor Blueger in neutral zone. 8:57 of 1st period - Shot by Sidney Crosby. 8:57 of 1st period - Deflect By Ryan Strome. 8:57 of 1st period - Shot Hit the Post. 8:59 of 1st period - Shot by Ryan Strome. 8:59 of 1st period - Stopped by Robin Lehner without a rebound. 9:00 of 1st period - Radek Faksa wins face-off versus Jakub Vrana in BOISE CARIBOUS zone. 9:34 of 1st period - Off-side. 9:35 of 1st period - Dylan Strome wins face-off versus Andre Burakovsky in neutral zone. 10:15 of 1st period - Icing by Artemi Panarin. 10:16 of 1st period - Kyle Turris wins face-off versus Dylan Strome in SASKATOON DUCKS zone. 10:17 of 1st period - Shot by Patrick Marleau. 10:17 of 1st period - Stopped by Ryan Miller without a rebound. 10:18 of 1st period - Sidney Crosby wins face-off versus Kyle Turris in SASKATOON DUCKS zone. 10:33 of 1st period - Shot by Sidney Crosby. 10:33 of 1st period - Stopped by Robin Lehner with a rebound. 10:35 of 1st period - Shot by Samuel Girard. 10:35 of 1st period - Stopped by Robin Lehner with a rebound. 10:37 of 1st period - Shot by Zdeno Chara. 10:37 of 1st period - Shot Misses the Net. 10:39 of 1st period - Shot by Sidney Crosby. 10:39 of 1st period - Shot Misses the Net. 10:41 of 1st period - Shot by Anthony Duclair. 10:41 of 1st period - Shot Blocked by Erik Cernak. 10:43 of 1st period - Shot by Zdeno Chara. 10:43 of 1st period - Stopped by Robin Lehner without a rebound. 10:44 of 1st period - Radek Faksa wins face-off versus Dylan Strome in BOISE CARIBOUS zone. 10:53 of 1st period - Artemi Panarin is hit by Rasmus Andersson and loses puck. 11:11 of 1st period - Shot by Tom Wilson. 11:11 of 1st period - Stopped by Ryan Miller without a rebound. 11:12 of 1st period - Carl Soderberg wins face-off versus Ryan Strome in SASKATOON DUCKS zone. 11:42 of 1st period - Shot by Anthony Duclair. 11:42 of 1st period - Shot Misses the Net. 11:44 of 1st period - Shot by Zdeno Chara. 11:44 of 1st period - Shot Blocked by Will Butcher. 11:46 of 1st period - Shot by Ryan Strome. 11:46 of 1st period - Stopped by Robin Lehner with a rebound. 11:54 of 1st period - Shot by Sidney Crosby. 11:54 of 1st period - Shot Blocked by Will Butcher. 12:24 of 1st period - Shot by Artemi Panarin. 12:24 of 1st period - Stopped by Robin Lehner with a rebound. 12:52 of 1st period - Shot by Dylan Strome. 12:52 of 1st period - Stopped by Robin Lehner without a rebound. 12:53 of 1st period - Joe Thornton wins face-off versus Kyle Turris in BOISE CARIBOUS zone. 12:58 of 1st period - Shot by Jakub Vrana. 12:58 of 1st period - Shot Misses the Net. 13:05 of 1st period - Icing by Kyle Turris. 13:06 of 1st period - Patrick Marleau wins face-off versus Kailer Yamamoto in BOISE CARIBOUS zone. 13:20 of 1st period - Shot by Joe Thornton. 13:20 of 1st period - Stopped by Robin Lehner with a rebound. 13:28 of 1st period - Shot by Jakub Vrana. 13:28 of 1st period - Stopped by Robin Lehner without a rebound. 13:29 of 1st period - Dylan Strome wins face-off versus Radek Faksa in BOISE CARIBOUS zone. 13:30 of 1st period - Shot by Artemi Panarin. 13:30 of 1st period - Stopped by Robin Lehner without a rebound. 13:31 of 1st period - Radek Faksa wins face-off versus Dylan Strome in BOISE CARIBOUS zone. 13:31 of 1st period - Tom Wilson is hit by Dylan Strome. 13:42 of 1st period - Tom Wilson is hit by Artemi Panarin and loses puck. 13:46 of 1st period - Off-side. 13:47 of 1st period - Kyle Turris wins face-off versus Kailer Yamamoto in neutral zone. 14:18 of 1st period - Shot by Kailer Yamamoto. 14:18 of 1st period - Stopped by Robin Lehner without a rebound. 14:19 of 1st period - Dylan Strome wins face-off versus Carl Soderberg in BOISE CARIBOUS zone. 15:02 of 1st period - Shot by Artemi Panarin. 15:02 of 1st period - Shot Misses the Net. 15:27 of 1st period - Artemi Panarin is hit by Will Butcher and loses puck. 16:17 of 1st period - Minor Penalty to Brendan Smith for Holding. 16:18 of 1st period - Radek Faksa wins face-off versus Sidney Crosby in BOISE CARIBOUS zone. 18:56 of 1st period - Shot by Sidney Crosby. 18:56 of 1st period - Shot Misses the Net. 18:58 of 1st period - Shot by Radko Gudas. 18:58 of 1st period - Goal by Radko Gudas - SASKATOON DUCKS : 1 - BOISE CARIBOUS : 0. 18:59 of 1st period - Joe Thornton wins face-off versus Darren Helm in neutral zone. Goals for this period are 1 for SASKATOON DUCKS vs 0 for BOISE CARIBOUS. Shots for this period are 14 for SASKATOON DUCKS vs 5 for BOISE CARIBOUS. 2nd period 0:01 of 2nd period - Anthony Duclair wins face-off versus Radek Faksa in neutral zone. 0:01 of 2nd period - Anthony Duclair is hit by Tom Wilson. 1:25 of 2nd period - Shot by Andre Burakovsky. 1:25 of 2nd period - Stopped by Ryan Miller without a rebound. 1:26 of 2nd period - Joe Thornton wins face-off versus Kyle Turris in SASKATOON DUCKS zone. 2:05 of 2nd period - Shot by Kyle Turris. 2:05 of 2nd period - Stopped by Ryan Miller without a rebound. 2:06 of 2nd period - Theodor Blueger wins face-off versus Dylan Strome in SASKATOON DUCKS zone. 2:26 of 2nd period - Artemi Panarin is hit by Erik Cernak and loses puck. 2:37 of 2nd period - Shot by Theodor Blueger. 2:37 of 2nd period - Deflect By Lawson Crouse. 2:37 of 2nd period - Stopped by Ryan Miller without a rebound. 2:38 of 2nd period - Radek Faksa wins